TOP OF THE 1ST |
Madawaska Valley HS Wolves batting - Pitching for Randall HS Raiders : RHP Millard Manning
|
Pitching: RHP Millard Manning
|
|
Batting: RHB Adam Carpenter
|
0-0: Foul Ball, location: 2F 0-1: SINGLE (Line Drive, 8LS)
|
Batting: SHB Artie Adams
|
0-0: Ball 1-0: Swinging Strike 1-1: Foul Ball, location: 2F 1-2: Ball 2-2: Foul Ball, location: 2F 2-2: Strikes out swinging
|
Batting: LHB Bob Campbell
|
0-0: Foul Ball, location: 2F 0-1: Called Strike Adam Carpenter steals 2nd base 0-2: Ball 1-2: Ball 2-2: SINGLE (Groundball, 4MD) Adam Carpenter to third Runner from 3rd tries for Home, SAFE, no throw or cutoff
|
Batting: SHB Steve Miner
|
Pickoff Throw to First - Out! 0-0: Hit by Pitch
|
Batting: LHB Marv Gardner
|
0-0: SINGLE (Flyball, 9S) Steve Miner to second
|
Batting: RHB Enrique Navarro
|
0-0: Ball 1-0: Ball 2-0: Ball 3-0: Base on Balls Steve Miner to third Marv Gardner to second
|
Batting: RHB Leo Snyder
|
0-0: Called Strike 0-1: Ball 1-1: Ball 2-1: Foul Ball, location: 2F 2-2: Ball 3-2: Foul Ball, location: 2F 3-2: Base on Balls Steve Miner scores Marv Gardner to third Enrique Navarro to second
|
Batting: RHB David Simmons
|
0-0: Called Strike 0-1: Ball 1-1: Ball 2-1: Foul Ball, location: 2F 2-2: Foul Ball, location: 2F 2-2: Strikes out swinging
|
Top of the 1st over - 2 run(s), 3 hit(s), 0 error(s), 3 left on base; Madawaska Valley HS 2 - Randall HS 0 |
BOTTOM OF THE 1ST |
Randall HS Raiders batting - Pitching for Madawaska Valley HS Wolves : RHP Ricardo Duárez
|
Pitching: RHP Ricardo Duárez
|
|
Batting: RHB Phil Hacker
|
0-0: Fly out, F6 (Popup, 56)
|
Batting: RHB Jake Reeves
|
0-0: Called Strike 0-1: SOLO HOME RUN (Flyball, 8LXD), Distance : 433 ft
|
Batting: RHB Alex Miller
|
0-0: Ball 1-0: Ball 2-0: DOUBLE (Line Drive, 3L)
|
Batting: LHB John Roberts
|
0-0: Ball 1-0: Ball 2-0: Ball 3-0: Base on Balls
|
Batting: LHB Jeff Stevens
|
0-0: Ball 1-0: Called Strike 1-1: Fly out, F6 (Popup, 6D)
|
Batting: RHB Derek Hartman
|
0-0: Ball 1-0: Ball 2-0: Ball 3-0: Base on Balls Alex Miller to third John Roberts to second
|
Batting: RHB Flynn Roberts
|
0-0: Foul Ball, location: 2F 0-1: Ball 1-1: Foul Ball, location: 2F 1-2: Ball 2-2: Ball 3-2: Foul Ball, location: 2F 3-2: Strikes out swinging
|
Bottom of the 1st over - 1 run(s), 2 hit(s), 0 error(s), 3 left on base; Madawaska Valley HS 2 - Randall HS 1 |
TOP OF THE 2ND |
Madawaska Valley HS Wolves batting - Pitching for Randall HS Raiders : RHP Millard Manning
|
Batting: RHB Weldon Lott
|
0-0: Foul Ball, location: 2F 0-1: Ground out 5-3 (Groundball, 56S)
|
Batting: RHB Adam Carpenter
|
0-0: Foul Ball, location: 2F 0-1: Called Strike 0-2: Ball 1-2: Ball 2-2: Ball 3-2: SINGLE (Line Drive, 8RS)
|
Batting: SHB Artie Adams
|
0-0: Called Strike 0-1: Called Strike 0-2: Strikes out swinging
|
Batting: LHB Bob Campbell
|
0-0: Ground out 4-3 (Groundball, 4)
|
Top of the 2nd over - 0 run(s), 1 hit(s), 0 error(s), 1 left on base; Madawaska Valley HS 2 - Randall HS 1 |
BOTTOM OF THE 2ND |
Randall HS Raiders batting - Pitching for Madawaska Valley HS Wolves : RHP Ricardo Duárez
|
Batting: LHB Luis Antonio Cortéz
|
0-0: DOUBLE (Flyball, 8LM)
|
Batting: RHB Stephen McNeely
|
0-0: Called Strike 0-1: Ball 1-1: Fly out, F9 (Flyball, 9LM)
|
Batting: RHB Phil Hacker
|
0-0: Ball 1-0: Called Strike 1-1: Swinging Strike 1-2: SINGLE (Line Drive, 8LS) Luis Antonio Cortéz to third
|
Batting: RHB Jake Reeves
|
0-0: Fly out, F6 (Popup, 5DF)
|
Batting: RHB Alex Miller
|
0-0: SINGLE (Groundball, 34) (infield hit) Luis Antonio Cortéz scores Phil Hacker to second
|
Batting: LHB John Roberts
|
0-0: Called Strike 0-1: Called Strike 0-2: Foul Ball, location: 2F 0-2: Fly out, F9 (Flyball, 89M)
|
Bottom of the 2nd over - 1 run(s), 3 hit(s), 0 error(s), 2 left on base; Madawaska Valley HS 2 - Randall HS 2 |
TOP OF THE 3RD |
Madawaska Valley HS Wolves batting - Pitching for Randall HS Raiders : RHP Millard Manning
|
Batting: SHB Steve Miner
|
0-0: Called Strike 0-1: Reached on error, E4 (Groundball, 4)
|
Batting: LHB Marv Gardner
|
0-0: Called Strike 0-1: Swinging Strike 0-2: Foul Ball, location: 2F 0-2: Foul Ball, location: 2F 0-2: Foul Ball, location: 2F 0-2: Ball 1-2: Foul Ball, location: 2F 1-2: Foul Ball, location: 2F 1-2: SINGLE (Line Drive, 89S) Steve Miner to second
|
Batting: RHB Enrique Navarro
|
0-0: Ball Balk! Steve Miner to third Marv Gardner to second 1-0: Called Strike 1-1: Swinging Strike 1-2: Strikes out looking
|
Batting: RHB Leo Snyder
|
0-0: Fly out, F2 (Popup, 2RF)
|
Batting: RHB David Simmons
|
0-0: Ball 1-0: Ball 2-0: Ball 3-0: Called Strike 3-1: Ground out 6-3 (Groundball, 6)
|
Top of the 3rd over - 0 run(s), 1 hit(s), 1 error(s), 2 left on base; Madawaska Valley HS 2 - Randall HS 2 |
BOTTOM OF THE 3RD |
Randall HS Raiders batting - Pitching for Madawaska Valley HS Wolves : RHP Ricardo Duárez
|
Batting: LHB Jeff Stevens
|
0-0: Reached on Error, E8 (Flyball, 8LM)
|
Batting: RHB Derek Hartman
|
0-0: Called Strike Throwing error on steal attempt, E2 Jeff Stevens to third 0-1: DOUBLE (Flyball, 78D) Jeff Stevens scores
|
Batting: RHB Flynn Roberts
|
0-0: Fly out, F8 (Flyball, 8RS)
|
Batting: LHB Luis Antonio Cortéz
|
0-0: Foul Ball, location: 2F 0-1: Swinging Strike 0-2: Ball 1-2: Foul Ball, location: 2F 1-2: Ball 2-2: Fly out, F9 (Flyball, 89M)
|
Batting: RHB Stephen McNeely
|
0-0: Ball 1-0: Ball 2-0: Ground out 6-3 (Groundball, 6M)
|
Bottom of the 3rd over - 1 run(s), 1 hit(s), 2 error(s), 1 left on base; Madawaska Valley HS 2 - Randall HS 3 |
TOP OF THE 4TH |
Madawaska Valley HS Wolves batting - Pitching for Randall HS Raiders : RHP Millard Manning
|
Batting: RHB Weldon Lott
|
0-0: Fly out, F4 (Popup, 4D)
|
Batting: RHB Adam Carpenter
|
0-0: Reached on error, E4 (Groundball, 4)
|
Batting: SHB Artie Adams
|
0-0: Ball 1-0: Ball 2-0: Called Strike 2-1: Swinging Strike 2-2: Foul Ball, location: 2F 2-2: Strikes out swinging
|
Batting: LHB Bob Campbell
|
0-0: DOUBLE (Flyball, 89M) Adam Carpenter to third Runner from 3rd tries for Home, SAFE, no throw or cutoff
|
Batting: SHB Steve Miner
|
0-0: Swinging Strike 0-1: Fly out, F9 (Flyball, 9M)
|
Top of the 4th over - 1 run(s), 1 hit(s), 1 error(s), 1 left on base; Madawaska Valley HS 3 - Randall HS 3 |
BOTTOM OF THE 4TH |
Randall HS Raiders batting - Pitching for Madawaska Valley HS Wolves : RHP Ricardo Duárez
|
Batting: RHB Phil Hacker
|
0-0: Ball 1-0: Swinging Strike 1-1: Called Strike 1-2: Strikes out swinging
|
Batting: RHB Jake Reeves
|
0-0: Ground out 6-3 (Groundball, 6)
|
Batting: RHB Alex Miller
|
0-0: Ground out 6-3 (Groundball, 6)
|
Bottom of the 4th over - 0 run(s), 0 hit(s), 0 error(s), 0 left on base; Madawaska Valley HS 3 - Randall HS 3 |
TOP OF THE 5TH |
Madawaska Valley HS Wolves batting - Pitching for Randall HS Raiders : RHP Millard Manning
|
Batting: LHB Marv Gardner
|
0-0: Swinging Strike 0-1: Ball 1-1: Ball 2-1: Foul Ball, location: 2F 2-2: Foul Ball, location: 2F 2-2: Foul Ball, location: 2F 2-2: Ball 3-2: Strikes out swinging
|
Pitching: RHP Otto Norwood
|
|
Batting: RHB Enrique Navarro
|
0-0: Ball 1-0: Called Strike 1-1: DOUBLE (Line Drive, 9LM)
|
Batting: RHB Leo Snyder
|
0-0: Ball 1-0: Swinging Strike 1-1: Ball 2-1: Ball 3-1: Base on Balls
|
Batting: RHB David Simmons
|
0-0: Called Strike 0-1: Called Strike 0-2: Ball 1-2: Strikes out looking
|
Batting: RHB Weldon Lott
|
0-0: Fly out, F8 (Flyball, 8RD)
|
Top of the 5th over - 0 run(s), 1 hit(s), 0 error(s), 2 left on base; Madawaska Valley HS 3 - Randall HS 3 |
BOTTOM OF THE 5TH |
Randall HS Raiders batting - Pitching for Madawaska Valley HS Wolves : RHP Ricardo Duárez
|
Batting: LHB John Roberts
|
0-0: Ball 1-0: Fly out, F4 (Popup, 4D)
|
Batting: LHB Jeff Stevens
|
0-0: Ball 1-0: Ball 2-0: Ball 3-0: Called Strike 3-1: Fly out, F7 (Flyball, 7M)
|
Batting: RHB Derek Hartman
|
0-0: Swinging Strike 0-1: Foul Ball, location: 2F 0-2: Strikes out swinging
|
Bottom of the 5th over - 0 run(s), 0 hit(s), 0 error(s), 0 left on base; Madawaska Valley HS 3 - Randall HS 3 |
TOP OF THE 6TH |
Madawaska Valley HS Wolves batting - Pitching for Randall HS Raiders : RHP Otto Norwood
|
Batting: RHB Adam Carpenter
|
0-0: Called Strike 0-1: Swinging Strike 0-2: Strikes out swinging
|
Batting: SHB Artie Adams
|
0-0: Ball 1-0: Foul Ball, location: 2F 1-1: Foul Ball, location: 2F 1-2: Fly out, F4 (Line Drive, 4MD)
|
Batting: LHB Bob Campbell
|
0-0: Ball 1-0: Ball 2-0: Ball 3-0: Called Strike 3-1: Foul Ball, location: 2F 3-2: Ground out 4-3 (Groundball, 34)
|
Top of the 6th over - 0 run(s), 0 hit(s), 0 error(s), 0 left on base; Madawaska Valley HS 3 - Randall HS 3 |
BOTTOM OF THE 6TH |
Randall HS Raiders batting - Pitching for Madawaska Valley HS Wolves : RHP Ricardo Duárez
|
Batting: RHB Flynn Roberts
|
0-0: Swinging Strike 0-1: Bunted foul 0-2: Foul Ball, location: 2F 0-2: Foul Ball, location: 2F 0-2: Strikes out looking
|
Batting: LHB Luis Antonio Cortéz
|
0-0: Called Strike 0-1: Called Strike 0-2: Ball 1-2: Ball 2-2: Ball 3-2: Ground out 1-3 (Groundball, 13S)
|
Batting: RHB Stephen McNeely
|
0-0: Ball 1-0: Ball 2-0: SINGLE (Flyball, 9LM)
|
Pitching: LHP Arthur Warren
|
|
Batting: RHB Phil Hacker
|
Pickoff Throw to First - Out!
|
Bottom of the 6th over - 0 run(s), 1 hit(s), 0 error(s), 0 left on base; Madawaska Valley HS 3 - Randall HS 3 |
TOP OF THE 7TH |
Madawaska Valley HS Wolves batting - Pitching for Randall HS Raiders : RHP Otto Norwood
|
Batting: SHB Steve Miner
|
0-0: Ball 1-0: Foul Ball, location: 2F 1-1: Ball 2-1: Ball 3-1: Base on Balls
|
Batting: LHB Marv Gardner
|
0-0: Ball 1-0: Called Strike 1-1: Ball 2-1: SINGLE (Groundball, 4) Steve Miner to second Runner from 2nd tries for 3rd, SAFE, throw made to third
|
Batting: RHB Enrique Navarro
|
0-0: Called Strike 0-1: Ball 1-1: Called Strike 1-2: Ball 2-2: SINGLE (Line Drive, 7S) Steve Miner scores Marv Gardner to second
|
Batting: RHB Leo Snyder
|
0-0: Ball 1-0: Ball 2-0: Bunt - Flyout! F3
|
Pitching: RHP Javier Rodríguez
|
|
Batting: RHB David Simmons
|
0-0: Called Strike 0-1: Fly out, F8 (Flyball, 8RM)
|
Batting: RHB Weldon Lott
|
0-0: Swinging Strike 0-1: Foul Ball, location: 2F 0-2: Strikes out swinging
|
Top of the 7th over - 1 run(s), 2 hit(s), 0 error(s), 2 left on base; Madawaska Valley HS 4 - Randall HS 3 |
BOTTOM OF THE 7TH |
Randall HS Raiders batting - Pitching for Madawaska Valley HS Wolves : LHP Arthur Warren
|
Batting: RHB Phil Hacker
|
0-0: SINGLE (Line Drive, 4M)
|
Batting: RHB Jake Reeves
|
0-0: Ball 1-0: Sac Bunt - play at first, batter OUT! 2-4 Phil Hacker to second
|
Batting: RHB Alex Miller
|
0-0: Fly out, F9 (Flyball, 9M)
|
Batting: LHB John Roberts
|
0-0: Ball 1-0: Ball 2-0: Ball 3-0: Fly out, F9 (Line Drive, 9M)
|
Bottom of the 7th over - 0 run(s), 1 hit(s), 0 error(s), 1 left on base; Madawaska Valley HS 4 - Randall HS 3 |
TOP OF THE 8TH |
Madawaska Valley HS Wolves batting - Pitching for Randall HS Raiders : RHP Javier Rodríguez
|
Batting: RHB Adam Carpenter
|
0-0: Called Strike 0-1: Ball 1-1: Ball 2-1: SINGLE (Groundball, 56)
|
Batting: SHB Artie Adams
|
0-0: Sac Bunt - play at first, batter OUT! 1-4 Adam Carpenter to second
|
Batting: LHB Bob Campbell
|
0-0: Intentional Walk
|
Batting: SHB Steve Miner
|
0-0: Swinging Strike 0-1: Called Strike Adam Carpenter is caught stealing 3rd base Bob Campbell to second 0-2: Ball 1-2: Strikes out swinging
|
Top of the 8th over - 0 run(s), 1 hit(s), 0 error(s), 1 left on base; Madawaska Valley HS 4 - Randall HS 3 |
BOTTOM OF THE 8TH |
Randall HS Raiders batting - Pitching for Madawaska Valley HS Wolves : LHP Arthur Warren
|
Batting: LHB Jeff Stevens
|
0-0: Ball 1-0: Foul Ball, location: 2F 1-1: Foul Ball, location: 2F 1-2: Ball 2-2: Foul Ball, location: 2F 2-2: Ball 3-2: Base on Balls
|
Pitching: RHP Kevin Lester
|
|
Batting: RHB Derek Hartman
|
0-0: Called Strike 0-1: Foul Ball, location: 2F 0-2: Ball 1-2: Foul Ball, location: 2F 1-2: Strikes out swinging
|
Batting: RHB Flynn Roberts
|
0-0: DOUBLE (Line Drive, 7LS) Jeff Stevens to third
|
Batting: LHB Luis Antonio Cortéz
|
0-0: Swinging Strike 0-1: Swinging Strike 0-2: Strikes out swinging
|
Batting: RHB Stephen McNeely
|
0-0: Ball 1-0: Ball 2-0: Ground out 1-3 (Groundball, 4M)
|
Bottom of the 8th over - 0 run(s), 1 hit(s), 0 error(s), 2 left on base; Madawaska Valley HS 4 - Randall HS 3 |
TOP OF THE 9TH |
Madawaska Valley HS Wolves batting - Pitching for Randall HS Raiders : RHP Javier Rodríguez
|
Pitching: RHP Dave Mitchell
|
|
Batting: LHB Marv Gardner
|
0-0: Swinging Strike 0-1: Ball 1-1: Called Strike 1-2: Strikes out swinging
|
Batting: RHB Enrique Navarro
|
0-0: Ball 1-0: Foul Ball, location: 2F 1-1: Ball 2-1: Ball 3-1: Ground out 1-3 (Groundball, 15)
|
Batting: RHB Leo Snyder
|
0-0: Ground out 5-3 (Groundball, 5)
|
Top of the 9th over - 0 run(s), 0 hit(s), 0 error(s), 0 left on base; Madawaska Valley HS 4 - Randall HS 3 |
BOTTOM OF THE 9TH |
Randall HS Raiders batting - Pitching for Madawaska Valley HS Wolves : RHP Kevin Lester
|
Pitching: LHP Juan Olivo
|
|
Batting: RHB Phil Hacker
|
0-0: Ball 1-0: Ball 2-0: Ball 3-0: Base on Balls
|
Batting: RHB Jake Reeves
|
0-0: Ball 1-0: Sac Bunt - play at first, batter OUT! 2-4 Phil Hacker to second
|
Batting: RHB Alex Miller
|
0-0: SINGLE (Line Drive, 78S) Phil Hacker to third Runner from 3rd tries for Home, SAFE, no throw or cutoff
|
Batting: LHB John Roberts
|
0-0: Ball 1-0: Ball Alex Miller is caught stealing 2nd base 2-0: Called Strike 2-1: Ball 3-1: SOLO HOME RUN (Flyball, 9LD), Distance : 347 ft
|
Monday, December 5th, 2016 - OOTP Baseball 17.12 Build 75
|
|